 Dungeon Crawl Stone Soup version 0.17-a0-1767-gccbed74 (webtiles) character file.

211 abixa the Chopper (level 5, 0/49 HPs)
             Began as a Naga Wizard on Sept 6, 2015.
             Slain by an orc
             ... wielding a +0 trident
              (1 damage)
             ... on level 3 of the Dungeon.
             The game lasted 00:10:53 (4180 turns).

abixa the Chopper (Naga Wizard)                     Turns: 4180, Time: 00:10:54

Health: 0/49       AC:  5    Str: 10    XL:     5   Next: 88%
Magic:  9/9        EV:  8    Int: 19    God:
Gold:   159        SH:  0    Dex:  9    Spells: 1 memorised, 9 levels left

rFire  x . .     SeeInvis +     a - +0 hand axe
rCold  + . .     Clarity  .     v - -2 ring mail (curse)
rNeg   . . .     SustAt   .     (no shield)
rPois  +         Gourm    .     k - +0 helmet
rElec  .         Spirit   .     (no cloak)
rCorr  .         Warding  .     r - +1 pair of gloves
rMut   .         Stasis   .     (no barding)
MR     .....                    (no amulet)
Stlth  +.........               (no ring)
                                l - ring of ice (curse)

@: short of breath, very slow, not resistant to hostile enchantments, very
unstealthy
A: see invisible, deformed body, poison resistance, slowness 2, slow metabolism
1, spit poison 2, AC +1
a: Spit Poison


You were on level 3 of the Dungeon.
You were not hungry.

You visited 1 branch of the dungeon, and saw 3 of its levels.

You collected 159 gold pieces.

Inventory:

Hand weapons
 a - a +0 hand axe (weapon)
 b - a +0 hunting sling
 z - a +0 halberd
Missiles
 g - 123 stones (quivered)
 i - 20 sling bullets
 p - 65 bolts
 A - 16 poisoned arrows
Armour
 k - a +0 helmet (worn)
 r - a +1 pair of gloves (worn)
 v - a cursed -2 ring mail (worn)
 w - a +0 robe
 C - a +1 leather armour of fire resistance
Jewellery
 l - a cursed ring of ice (left hand)
Scrolls
 e - a scroll of enchant armour {unknown}
 f - a scroll of recharging {unknown}
 j - a scroll of identify {unknown}
 o - a scroll of amnesia {unknown}
 t - a scroll of magic mapping {unknown}
 x - a scroll of remove curse {unknown}
 y - 2 scrolls of fog {unknown}
 D - a scroll of noise {unknown}
Potions
 h - 2 potions of lignification {unknown}
 m - a potion of curing {unknown}
 n - 2 potions of might {unknown}
 q - 2 potions of heal wounds {unknown}
 s - a potion of poison {unknown}
 E - a potion of agility {unknown}
Books
 c - a book of Minor Magic

   Spells                             Type                      Level
   a - Magic Dart                     Conjuration                  1
   b - Blink                          Translocation                2
   c - Call Imp                       Summoning                    2
   d - Repel Missiles                 Charms/Air                   2
   e - Slow                           Hexes                        2
   f - Conjure Flame                  Conjuration/Fire             3
   g - Mephitic Cloud                 Conjuration/Poison/Air       3
Comestibles
 d - 3 bread rations
 u - a meat ration
 B - a chunk of flesh
 F - 5 fruits


   Skills:
 - Level 3.6 Fighting
 + Level 3.8 Axes
 - Level 1.5 Dodging
 - Level 3.0 Stealth
 - Level 3.0 Spellcasting
 - Level 1.0 Conjurations
   Level 1.0 Summonings
   Level 1.0 Translocations


You had 9 spell levels left.
You knew the following spells:

 Your Spells              Type           Power        Failure   Level  Hunger
a - Magic Dart            Conj           #...         30%         1    None


Dungeon Overview and Level Annotations

Branches:
Dungeon (3/15)

Altars:
Qazlal


Innate Abilities, Weirdness & Mutations

You cannot wear boots.
Your serpentine skin is tough (AC +1).
You have supernaturally acute eyesight.
Armour fits poorly on your strangely shaped body.
Your system is resistant to poisons.
You cover ground very slowly.
You have a slow metabolism.
You can spit poison.


Message History

* * * LOW HITPOINT WARNING * * *
You hit the orc wizard.
You kill the orc wizard!
You barely miss the quokka.
The quokka is severely wounded.
The quokka bites you.
* * * LOW HITPOINT WARNING * * *
The orc hits you but does no damage.
The quokka bites you but does no damage.
You miss the quokka.
The quokka is severely wounded.
The orc closely misses you. The quokka bites you.
* * * LOW HITPOINT WARNING * * *
Use which ability?
Press: ? - help, Shift-Dir - straight line The splash of poison hits the orc.
The orc is poisoned.
The orc is lightly wounded.
You feel slightly more hungry. The quokka barely misses you.
The orc hits you from afar with a trident.
You die...

#.....##...... #..........#
#.)).......+ #..........#
#..........# ... #..........#
..... ..########oo........#
##..... ..#.......r##########
.......##.####...@)...)....######
........#.# #.............'....#
........#.#######..........####.#
...........................# #.#
###...#....................####.#
..+.......).....................#
###...##..##...............######
..........##...........#####
..........####.........#


You could see 2 orcs and a quokka.

Vanquished Creatures
  An orc priest (D:3)
  An orc wizard (D:3)
  4 gnolls
  5 adders
  2 worms (D:2)
  A giant gecko (D:1)
  13 orcs
  A ball python (D:1)
  4 bats
  3 giant cockroaches
  4 goblins (D:2)
  5 hobgoblins
  9 kobolds
  2 giant newts
  6 rats
61 creatures vanquished.

Vanquished Creatures (others)
  A bat (D:2)
  A kobold (D:2)
2 creatures vanquished.

Grand Total: 63 creatures vanquished

Notes
Turn   | Place    | Note
--------------------------------------------------------------
     0 | D:1      | abixa the Naga Wizard began the quest for the Orb.
     0 | D:1      | Reached XP level 1. HP: 15/15 MP: 4/4
   174 | D:1      | Reached skill level 1 in Fighting
   489 | D:1      | Reached XP level 2. HP: 25/25 MP: 1/6
  1561 | D:2      | Reached XP level 3. HP: 33/33 MP: 4/7
  1768 | D:2      | Found a faded altar to an unknown god.
  2475 | D:2      | Found a stormy altar of Qazlal.
  2649 | D:2      | Reached XP level 4. HP: 42/42 MP: 8/8
  3059 | D:3      | Reached skill level 1 in Axes
  3266 | D:3      | Reached XP level 5. HP: 34/49 MP: 6/9
  4177 | D:3      | HP: 2/49 [orc wizard/dagger (2)]
  4180 | D:3      | Slain by an orc

Vault maps used:
D:1:      nagdon_arrival_zigzag_paths, serial_bayou_pond_c, minmay_unequal
D:2:      ecumenical_altar_1, grunt_qazlal_clouds
D:3:      vehumet_altar_wand_db, minitemple, first_bread

Action                   |  1- 3 |  4- 6 || total
-------------------------+-------+-------++-------
Melee: Unarmed           |    18 |       ||    18
       Hand axe          |       |    94 ||    94
 Fire: Hunting sling     |    49 |    57 ||   106
 Cast: Magic Dart        |    65 |    13 ||    78
 Abil: Spit Poison       |       |     2 ||     2
  Eat: Chunk             |     3 |     4 ||     7
